 Dungeon Crawl Stone Soup version 0.29-a0-297-g7659ce593d (webtiles) character file.

Game seed: 16445044767630667520

322 Leszczynek the Chopper (level 6, 0/47 HPs)
             Began as a Human Gladiator on Mar 21, 2022.
             Slain by a centaur
             ... wielding a +0 hand axe
              (2 damage)
             ... on level 5 of the Dungeon.
             The game lasted 00:07:56 (1358 turns).

Leszczynek the Chopper (Human Gladiator)            Turns: 1358, Time: 00:07:56

Health: 0/47       AC:  6    Str: 17    XL:     6   Next: 76%
Magic:  6/6        EV: 11    Int:  8    God:
Gold:   122        SH:  0    Dex: 14    Spells: 5/5 levels left

rFire   . . .      SeeInvis .   a - +0 war axe
rCold   . . .      Faith    .   (no shield)
rNeg    . . .      Spirit   .   k - +0 ring mail
rPois   .          Reflect  .   n - +0 helmet
rElec   .          Harm     .   (no cloak)
rCorr   .          Rampage  .   (no gloves)
Will    .....                   (no boots)
Stlth   +.........              (no amulet)
HPRegen 0.15/turn               (no ring)
MPRegen 0.10/turn               (no ring)

@: no status effects
A: no striking features
a: no special abilities


You were on level 5 of the Dungeon.
You visited 1 branch of the dungeon, and saw 6 of its levels.

You collected 122 gold pieces.

Inventory:

Hand Weapons
 a - a +0 war axe (weapon)
 p - a +0 scimitar
Missiles
 c - 2 curare-tipped darts
 e - 5 javelins (quivered)
 o - 7 poisoned darts
Armour
 b - a +0 leather armour
 k - a +0 ring mail (worn)
 n - a +0 helmet (worn)
Wands
 d - a wand of mindburst (8)
 m - a wand of digging (8)
Scrolls
 f - a scroll of enchant weapon
 j - 2 scrolls of teleportation
 q - a scroll of acquirement {unknown}
 r - a scroll of magic mapping {unknown}
Potions
 g - a potion of invisibility
 h - a potion of magic
 i - a potion of resistance {unknown}
 l - a potion of curing {@q1}


   Skills:
 - Level 3.4 Fighting
 + Level 6.4 Axes
 - Level 2.0 Throwing
 - Level 3.0 Dodging


You had 5 spell levels left.
You didn't know any spells.
Your spell library contained the following spells:

 Spells                   Type           Power      Damage    Failure   Level
 Conjure Flame            Conj/Fire      0%         6-21      94%         3
 Ignite Poison            Fire/Tmut/Pois 0%         N/A       94%         3
 Sticky Flame             Conj/Fire      0%         2d3       100%        4


Dungeon Overview and Level Annotations

Branches:
Dungeon (6/15)
 Temple: D:4-7

Altars:
Zin

Annotations:
D:5 Edmund


Message History

You hit the centaur.
The centaur is lightly wounded.
The centaur barely misses you.
The centaur kicks you but does no damage.
The centaur barely misses you. The centaur kicks you.
You hit the centaur.
The centaur is moderately wounded.
The centaur closely misses you. The centaur misses you.
The centaur barely misses you.
The centaur kicks you but does no damage.
You hit the centaur but do no damage.
The centaur is moderately wounded.
The centaur hits you but does no damage.
The centaur kicks you but does no damage.
The centaur hits you with a +0 hand axe.
The centaur closely misses you.
You slash the centaur!
The centaur is almost dead.
The centaur hits you but does no damage.
The centaur kicks you.
You barely miss the centaur.
The centaur is almost dead.
The centaur misses you. The centaur barely misses you.
The centaur hits you but does no damage.
The centaur kicks you but does no damage.
You barely miss the centaur.
The centaur is severely wounded.
The centaur closely misses you.
The centaur kicks you but does no damage.
The centaur hits you with a +0 hand axe.
* * * LOW HITPOINT WARNING * * *
The centaur kicks you.
* * * LOW HITPOINT WARNING * * *
You barely miss the centaur.
The centaur is severely wounded.
The centaur hits you with a +0 hand axe!
* * * LOW HITPOINT WARNING * * *
The centaur closely misses you.
The centaur hits you with a +0 hand axe.
You die...

##...#.......###########.........
##########.............>##......
#........########.....)
#........# #.....> ###..#######
#...... #..###...## ##.....
#(.##.....## #...... #..#.......#
#...... #...@c.....# #......
#.##.......####......
#.###.....##.........
#.##......†#.###..<..
#.##.........# ##....
#.##.......### ##... #. ##.....##
#...# #....## #.#.. ....### ..##.


You could see a centaur.

Vanquished Creatures
  Blork the orc (D:5)
  A necrophage (D:5)
  A hound (D:5)
  Ijyb (D:3)
  4 adders
  3 gnolls (D:5)
  A dart slug (D:1)
  8 orcs
  6 endoplasms
  3 giant cockroaches
  2 goblins
  4 hobgoblins
  4 jackals (D:2)
  4 kobolds (D:1)
  5 quokkas
  3 ball pythons (D:1)
  2 bats
  4 frilled lizards
  5 rats
62 creatures vanquished.

Notes
Turn   | Place    | Note
-------+----------+-------------------------------------------
     0 | D:1      | Leszczynek the Human Gladiator began the quest for the Orb.
     0 | D:1      | Reached XP level 1. HP: 16/16 MP: 1/1
    81 | D:2      | Reached XP level 2. HP: 19/22 MP: 2/2
   102 | D:2      | Reached skill level 4 in Axes
   102 | D:2      | Reached XP level 3. HP: 17/27 MP: 3/3
   205 | D:1      | HP: 5/27 [goblin/+0 club (2)]
   387 | D:1      | Reached XP level 4. HP: 20/33 MP: 4/4
   547 | D:3      | Noticed Ijyb
   630 | D:3      | Ouch! That really hurt!
   630 | D:3      | HP: 5/33 [disintegration (18)]
   635 | D:3      | Killed Ijyb
   636 | D:3      | Reached skill level 5 in Axes
   792 | D:4      | Reached XP level 5. HP: 20/38 MP: 5/5
   829 | D:5      | Entered Level 5 of the Dungeon
   925 | D:5      | Noticed Blork the orc
  1119 | D:5      | Killed Blork the orc
  1120 | D:5      | Reached skill level 3 in Fighting
  1126 | D:5      | Reached XP level 6. HP: 31/47 MP: 6/6
  1254 | D:5      | Reached skill level 6 in Axes
  1257 | D:5      | Noticed Edmund
  1260 | D:5      | >+6
  1328 | D:5      | Found a glowing silver altar of Zin.
  1357 | D:5      | HP: 9/47 [centaur/+0 hand axe (2)]
  1358 | D:5      | HP: 2/47 [centaur/+0 hand axe (7)]
  1358 | D:5      | Slain by a centaur

Illustrated notes

....###.# #..#
.....##.#####
............#
.....#...<..#
............###
..............##
.....#......#..###
.....#.#######...##
....##.# ###@.#
.#####.# ##†# . #.#
#(# #.# #.# .# ..#
.##. .. ( #. ## ..


Turn 1260 on D:5: >+6

Levels and vault maps discovered:
D:1:      scummos_arrival_simple_fountains, layout_basic,
          nicolae_ecumenical_lake_church, minmay_tall_x
D:2:      layout_rooms, minmay_split_cup_small
D:3:      minmay_chambers_of_threes, layout_basic, elyvilon_altar_5,
          serial_shops, nicolae_shop_bloodbath_and_beyond, uniq_ijyb,
          uniq_terence, uniq_sigmund
D:4:      layout_basic, serial_glass, glass_columns_a, glass_columns_b,
          glass_columns_a, glass_columns_a
D:5:      layout_rooms, zin_academy, uniq_edmund, uniq_blork_the_orc
D:6:      layout_cave_pools, marbit_many_paths, dreamdust_mushroom_princess,
          kennysheep_cluttered_room, supply_closet_lemuel,
          kennysheep_generic_room_7

Skill      XL: |  1  2  3  4  5  6 |
---------------+-------------------+-----
Axes           | 4 5 6 |  6.4
Fighting       | 3 |  3.4
Throwing       | |  2.0
Dodging        | |  3.0

Action                   |  1- 3 |  4- 6 || total
-------------------------+-------+-------++-------
Melee: War axe           |    76 |   126 ||   202
       Punch             |     1 |     1 ||     2
Throw: Throwing net      |     4 |     1 ||     5
       Javelin           |     1 |    12 ||    13
Evoke: Wand              |       |     5 ||     5
  Use: Potion            |     1 |       ||     1
       Scroll            |       |     4 ||     4
 Stab: Held in net/web   |     1 |       ||     1
Armor: Leather armour    |    20 |       ||    20
       Ring mail         |     5 |    47 ||    52
Dodge: Dodged            |    55 |    87 ||   142

Table legend: (Time is in decaauts)
 A = Elapsed time spent in this place.
 B = Non-inter-level travel time spent in this place.
 C = Inter-level travel time spent in this place.
 D = Time resting spent in this place.
 E = Time spent auto-exploring this place.
 F = Levels seen in this place.
 G = Mean time per level.
                   A        B        C        D        E       F      G
               +--------+--------+--------+--------+--------+-----+--------+
         Total |   1490 |   1490 |      0 |      0 |      0 |   6 |  248.3 |
       Dungeon |   1490 |   1490 |      0 |      0 |      0 |   6 |  248.3 |
               +--------+--------+--------+--------+--------+-----+--------+

Top non-repeatable levels by time:
     D:2: 591 daAuts
     D:5: 313 daAuts
     D:4: 270 daAuts
     D:1: 213 daAuts
     D:3: 91 daAuts
     D:6: 10 daAuts
